 Dungeon Crawl Stone Soup version 0.20.0-10-g0535bb4 (webtiles) character file.

68 anfisbena the Twirler (level 4, -6/26 HPs)
             Began as a Gargoyle Gladiator on June 4, 2017.
             Mangled by Sigmund
             ... wielding a +1 scythe of protection
              (7 damage)
             ... on level 2 of the Dungeon.
             The game lasted 00:01:54 (1507 turns).

anfisbena the Twirler (Gargoyle Gladiator)          Turns: 1507, Time: 00:01:55

Health: -6/26      AC: 12    Str: 17    XL:     4   Next: 19%
Magic:  4/4        EV: 10    Int:  9    God:
Gold:   48         SH:  0    Dex: 12    Spells: 3/3 levels left

rFire    . . .     SeeInvis .   a - +0 quarterstaff
rCold    + . .     Gourm    .   (shield currently unavailable)
rNeg     + . .     Faith    .   l - +1 scale mail {rC+}
rPois    ∞         Spirit   .   c - +0 helmet
rElec    +         Reflect  .   (no cloak)
rCorr    .         Harm     +   (no gloves)
MR       .....                  (no boots)
Stlth    ..........             m - amulet of harm
Regen    0.1/turn               (no ring)
MPRegen  0.1/turn               (no ring)

@: no status effects
A: negative energy resistance 1, electricity resistance, unbreathing,
petrification resistance, rot immunity, AC +3
a: no special abilities


You were on level 2 of the Dungeon.
You were not hungry.

You visited 1 branch of the dungeon, and saw 2 of its levels.

You collected 48 gold pieces.

Inventory:

Hand Weapons
 a - a +0 quarterstaff (weapon)
Missiles
 d - 3 throwing nets (quivered)
Armour
 c - a +0 helmet (worn)
 l - a +1 scale mail of cold resistance (worn)
Jewellery
 m - an amulet of harm (around neck)
 p - a +3 ring of evasion {unknown}
Scrolls
 b - 2 scrolls of identify {unknown}
 i - a scroll of amnesia {unknown}
 j - a scroll of blinking {unknown}
 k - 2 scrolls of immolation {unknown}
 o - a scroll of teleportation {unknown}
Potions
 e - a potion of flight {unknown}
 h - a potion of haste {unknown}
 n - a potion of invisibility {unknown}
Comestibles
 f - a bread ration
 g - 4 chunks of flesh


   Skills:
 - Level 2.1 Fighting
 + Level 4.6 Staves
 - Level 1.7 Throwing
 + Level 1.4 Armour
 - Level 2.4 Dodging


You had 3 spell levels left.
You didn't know any spells.

Dungeon Overview and Level Annotations

Branches:
Dungeon (2/15)

Altars:

Annotations:
D:2 Sigmund


Innate Abilities, Weirdness & Mutations

You are resistant to torment.
Your stone body is resilient. (AC +3)
You are immune to poison.
You resist negative energy. (rN+)
You are resistant to electric shocks. (rElec)
You can survive without breathing.
You are immune to petrification.
You are immune to rotting.


Message History

* * * LOW HITPOINT WARNING * * *
You closely miss something. You hit something but do no damage.
Something hits you but does no damage.
You hit something but do no damage. Something hits you but does no damage.
You closely miss something. You hit something but do no damage.
You hear some strange, mumbled words.
A puff of flame appears from out of thin air!
The puff of flame misses you.
You closely miss something. Something hits you.
* * * LOW HITPOINT WARNING * * *
You miss something. Something hits you but does no damage.
You barely miss something. Something hits you.
* * * LOW HITPOINT WARNING * * *
You miss something. You barely miss something. Something hits you.
* * * LOW HITPOINT WARNING * * *
You closely miss something. Something hits you but does no damage.
You hit something. Something hits you.
You die...

########
#....$.########
#.....>##.....#
#......##.....#
##......##.....#
..####..†....##.....#
#.......#######.....#
######...{@.........#
#.########.....# ##.
#.....# #..
####.....# ..#
##.######........#
#..##
##..#......######## .
....##.....###### #
#.......### #
###........#


There were no monsters in sight!

Vanquished Creatures
  An adder (D:2)
  3 oozes
  2 dart slugs
  A leopard gecko (D:1)
  5 bats
  2 giant cockroaches
  3 goblins
  7 hobgoblins
  3 jackals (D:2)
  5 kobolds
  6 frilled lizards
  5 rats (D:1)
43 creatures vanquished.

Notes
Turn   | Place    | Note
-------+----------+-------------------------------------------
     0 | D:1      | anfisbena the Gargoyle Gladiator began the quest for the Orb.
     0 | D:1      | Reached XP level 1. HP: 12/12 MP: 1/1
    39 | D:1      | Reached XP level 2. HP: 7/17 MP: 2/2
   425 | D:1      | Reached skill level 4 in Staves
   548 | D:1      | Reached XP level 3. HP: 17/21 MP: 3/3
  1445 | D:2      | Reached skill level 1 in Armour
  1445 | D:2      | Reached XP level 4. HP: 26/26 MP: 4/4
  1474 | D:2      | Noticed Sigmund
  1505 | D:2      | HP: 1/26 [something (7)]
  1507 | D:2      | Mangled by Sigmund

Skill      XL: |  1  2  3 |
---------------+----------+-----
Staves         | 4 |  4.6
Armour         | 1 |  1.4
Fighting       | |  2.1
Throwing       | |  1.7
Dodging        | |  2.4

Action                   |  1- 3 |  4- 6 || total
-------------------------+-------+-------++-------
Melee: Quarterstaff      |   132 |    27 ||   159
  Eat: Chunk             |     2 |       ||     2
Armor: Leather armour    |    22 |       ||    22
       Scale mail        |    92 |    26 ||   118
Dodge: Dodged            |   100 |    12 ||   112
